 Dungeon Crawl Stone Soup version 0.24-a0-498-ge00f04a (webtiles) character file.

Game seed: 3449678538283225528

152 silentkaos13 the Skirmisher (level 5, -1/37 HPs)
             Began as a Demonspawn Chaos Knight on July 13, 2019.
             Was a Plaything of Xom.
             Splashed by a jelly's acid (9 damage)
             ... on level 4 of the Dungeon.
             The game lasted 00:06:50 (2816 turns).

silentkaos13 the Skirmisher (DsCK)                  Turns: 2816, Time: 00:06:57

Health: -1/37      AC: -6    Str: 13    XL:     5   Next: 11%
Magic:  0/5        EV: 10    Int: 14    God:    Xom [.*....]
Gold:   140        SH:  0    Dex: 10    Spells: 4/4 levels left

rFire    . . .     SeeInvis .   a - +0 hand axe (chaos)
rCold    . . .     Gourm    +   (no shield)
rNeg     . . .     Faith    .   d - +0 ring mail
rPois    .         Spirit   +   (helmet restricted)
rElec    .         Reflect  .   (no cloak)
rCorr    .         Harm     .   (no gloves)
MR       +....                  (no boots)
Stlth    ..........             q - amulet of the gourmand
HPRegen  0.12/turn              (no ring)
MPRegen  0.09/turn              (no ring)

@: corroded
A: antennae 2, clumsy 1, frail 1, magic resistance 1, evolution 1, magic shield
a: Renounce Religion


You were on level 4 of the Dungeon.
You worshipped Xom.
You were a plaything of Xom.
You were not hungry.

You visited 1 branch of the dungeon, and saw 4 of its levels.

You collected 140 gold pieces.

Inventory:

Hand Weapons
 a - a +0 hand axe of chaos (weapon)
Armour
 b - a +2 leather armour
 d - a +0 ring mail (worn)
 f - a +0 pair of boots
Jewellery
 g - a +5 ring of protection {unknown}
 i - a cursed amulet of inaccuracy {unknown}
 q - an amulet of the gourmand (around neck)
Wands
 m - a wand of polymorph (8)
Scrolls
 h - 2 scrolls of magic mapping
 p - a scroll of teleportation
 r - a scroll of remove curse {unknown}
Potions
 e - a potion of mutation {unknown}
 j - 2 potions of invisibility {unknown}
 k - 2 potions of heal wounds {unknown}
 l - 2 potions of curing {unknown}
 n - 3 potions of degeneration {unknown}
 o - a potion of flight {unknown}
Comestibles
 c - 3 rations


   Skills:
 + Level 3.9 Fighting
 + Level 3.8 Axes
 + Level 3.0 Armour
 + Level 1.5 Dodging


You had 4 spell levels left.
You didn't know any spells.
Your spell library was empty.

Dungeon Overview and Level Annotations

Branches:
Dungeon (4/15)
 Temple: D:4-7

Altars:
Dithmenos
Trog
The Shining One


Innate Abilities, Weirdness & Mutations

You have a pair of antennae on your head.
When hurt, damage is shared between your health and your magic reserves.
You are clumsy. (Dex -2)
You are frail. (-10% HP)
You are resistant to hostile enchantments. (MR+)
You evolve.


Message History

You climb downwards.
There is a stone staircase leading up here.
The jelly quivers.
The jelly barely misses you.
You hit the jelly.
Your hands burn!
The jelly is lightly wounded.
The jelly hits you. The acid corrodes you!
You are splashed with acid.
You hit the jelly.
Your hands burn!
The jelly is moderately wounded.
The jelly hits you.
You are splashed with acid!
A shower of butterflies erupts from you!
You slash the jelly!
The jelly flickers and vanishes!
Deactivating autopickup; reactivate with Ctrl-A.
The acid corrodes you!
Your hands burn!
* * * LOW HITPOINT WARNING * * *
Something hits you.
* * * LOW HITPOINT WARNING * * *
The acid corrodes you!
You are splashed with acid!
You die...
Xom roars with laughter!

#...'..<.#
#.....#...#....#
#.... #..##.##.#
#.... #..##.##.##
+... ##.##......#
#...##...##..b..#
#..##....J##....+
#+#..#.......###b.#
...J....._.....#@b##
.....#.......#.{...+
.....##.....##.....#
......##...#####+###
...... ##.##
..........+
..........#
..........# ##+###


There were no monsters in sight!

Vanquished Creatures
  6 gnolls
  4 adders
  A worm (D:3)
  2 dart slugs
  4 bats
  5 giant cockroaches
  5 goblins
  4 hobgoblins
  4 jackals (D:3)
  8 kobolds
  5 frilled lizards
  9 rats
57 creatures vanquished.

Notes
Turn   | Place    | Note
-------+----------+-------------------------------------------
     0 | D:1      | silentkaos13 the Demonspawn Chaos Knight began the quest
                  | for the Orb.
     0 | D:1      | Reached XP level 1. HP: 18/18 MP: 1/1
   120 | D:1      | Gained mutation: You have a pair of small antennae on your
                  | head. [demonic ancestry]
   120 | D:1      | Reached XP level 2. HP: 17/24 MP: 2/2
   271 | D:1      | XOM: harmless Conj miscast
   440 | D:1      | XOM: harmless Air miscast
   895 | D:1      | XOM: harmless Erth miscast
   982 | D:2      | Reached XP level 3. HP: 25/29 MP: 3/3
  1022 | D:2      | Reached skill level 1 in Dodging
  1274 | D:2      | Found a glowing golden altar of the Shining One.
  1316 | D:2      | Gained mutation: You have a pair of antennae on your head.
                  | [demonic ancestry]
  1316 | D:2      | Reached XP level 4. HP: 30/37 MP: 4/4
  1560 | D:2      | XOM: 1-stop teleportation journey
  1564 | D:2      | XOM: 4-stop teleportation journey
  1728 | D:3      | Found a shadowy altar of Dithmenos.
  2467 | D:3      | Gained mutation: When hurt, damage is shared between your
                  | health and your magic reserves. [demonic ancestry]
  2467 | D:3      | Reached XP level 5. HP: 32/42 MP: 5/5
  2532 | D:4      | Found a bloodstained altar of Trog.
  2624 | D:3      | XOM: harmless Necr miscast
  2648 | D:3      | XOM: summons 2 hostile demons
  2802 | D:3      | XOM: give mutations
  2802 | D:3      | Gained mutation: You are clumsy. (Dex -2) [Xom's mischief]
  2802 | D:3      | Gained mutation: You are frail. (-10% HP) [Xom's mischief]
  2802 | D:3      | Gained mutation: You are resistant to hostile enchantments.
                  | (MR+) [Xom's mischief]
  2802 | D:3      | Gained mutation: You evolve. [Xom's mischief]
  2815 | D:4      | XOM: butterfly on damage
  2816 | D:4      | Splashed by a jelly's acid

Levels and vault maps discovered:
D:1:      psy_arrival_conway, layout_basic
D:2:      layout_basic, tso_altar
D:3:      layout_basic, nicolae_dithmenos_shadow_blocks
D:4:      layout_gridville, lemuel_round_altar, old_standard_altar

Skill      XL: |  1  2  3  4  5 |
---------------+----------------+-----
Axes           | 3 |  3.8
Armour         | 2 3 |  3.0
Dodging        | 1 |  1.5
Fighting       | |  3.9

Action                   |  1- 3 |  4- 6 || total
-------------------------+-------+-------++-------
Melee: Hand axe          |    75 |    99 ||   174
  Use: Scroll            |       |     3 ||     3
 Stab: Paralysed         |     1 |     1 ||     2
       Confused          |       |     1 ||     1
       Petrified         |       |     1 ||     1
  Eat: Chunk             |     1 |     5 ||     6
Armor: Leather armour    |     8 |       ||     8
       Ring mail         |    25 |    34 ||    59
Dodge: Dodged            |    51 |    57 ||   108

Table legend:
 A = Non-vault XP
 B = Vault XP
 C = Vault XP percentage of total XP
 D = Non-vault monster count
 E = Vault monster count
 F = Vault count percentage of total count
                 A         B        C        D         E       F
            +---------+---------+-------+---------+---------+-------
      Total |     218 |       0 |   0.0 |      57 |       0 |   0.0
            +---------+---------+-------+---------+---------+-------
        D:1 |      25 |       0 |   0.0 |      17 |       0 |   0.0
        D:2 |      88 |       0 |   0.0 |      18 |       0 |   0.0
        D:3 |     105 |       0 |   0.0 |      22 |       0 |   0.0
            +---------+---------+-------+---------+---------+-------
